AoeStats
← NPG | FishCL

Arabia

507336961Analyzed
3v3 RM · 13d ago on Sep 17, 2026· 28m 23s· 6 players
Game mode
Random Map
Map size
Normal (6 player)
Population
200
Speed
Normal
Resources
Standard
Victory
Conquest
Starting age
Dark Age
Ending age
Imperial Age
RankedLock teamsTeams togetherTeam positionsShared explorationLock speedFull tech treeHidden civsTurbo modeCheats
Victory
Defeat
🇨🇱 Ethiopians · Chile
1568
+11
🇨🇱 Tatars · Chile
1532
+12
🇨🇱 Persians · Chile
1391
+18
🇮🇹 Chinese · Italy
1782
-26
🇮🇹 Britons · Italy
1279
-8
🇮🇹 Magyars · Italy
1269
-7
Birba
6:38 Loom
9:22 Feudal Age
15:36 Fletching
24:13 Castle Age
Chiara
3:43 Loom
9:23 Feudal Age
13:59 Double-Bit Axe
16:28 Scale Barding Armor
18:46 Bloodlines
28:11 Castle Age
mordicchiotto
0:27 Loom
9:05 Feudal Age
10:00 Double-Bit Axe
20:37 Castle Age
19:13 Gold Mining
20:02 Bloodlines
20:25 Forging
20:24 Scale Barding Armor
20:09 Horse Collar
21:44 Wheelbarrow
21:25 Husbandry
20:46 Light Cavalry
23:53 Scale Barding Armor
24:28 Town Watch
28:58 Bow Saw
AiM | PoRRo
6:14 Loom
9:39 Feudal Age
12:24 Fletching
17:02 Padded Archer Armor
17:27 Double-Bit Axe
23:30 Castle Age
22:29 Horse Collar
24:27 Leather Archer Armor
24:08 Bodkin Arrow
23:38 Crossbowman
25:48 Ballistics
NPG | FishCL
7:03 Loom
9:12 Feudal Age
14:52 Fletching
15:28 Double-Bit Axe
16:44 Padded Archer Armor
23:51 Castle Age
23:54 Crossbowman
24:29 Bodkin Arrow
24:46 Bow Saw
26:51 Ballistics
NPG | Vacuno!
5:02 Loom
8:35 Feudal Age
8:58 Double-Bit Axe
16:20 Forging
18:58 Bloodlines
22:39 Castle Age
21:06 Scale Barding Armor
20:50 Horse Collar
22:24 Gold Mining
23:10 Husbandry
23:53 Bow Saw
Connection lost

Rejoining the realm…

Still unreachable

The connection could not be restored.

Session expired

The server has moved on; the page needs a fresh start.